 Dungeon Crawl Stone Soup version 0.26-a0-639-g72c4674329 (webtiles) character file.

Game seed: 5967108324092105293

84326 Irenicus the Earth Mage (level 15, -4/117 HPs)
             Began as a Deep Dwarf Earth Elementalist on Sept 27, 2020.
             Was the Champion of Makhleb.
             Slain by an Ice Fiend (39 damage)
             ... in an ice cave.
             The game lasted 02:57:44 (14605 turns).

Irenicus the Earth Mage (DDEE)                     Turns: 14605, Time: 02:57:45

Health: -4/117     AC: 29    Str: 12    XL:     15   Next: 34%
Magic:  26/26      EV: 12    Int: 38    God:    Makhleb [******]
Gold:   401        SH: 13    Dex: 13    Spells: 10/34 levels left

rFire    + . .     SeeInvis +   w - +3 dagger (protect)
rCold    . . .     Faith    .   n - +1 kite shield {rF+}
rNeg     + . .     Spirit   .   b - +8 scale mail "Juuc" {Int+4}
rPois    .         Reflect  .   V - +2 hat {Int+3}
rElec    .         Harm     .   i - +2 cloak of the Thief {*Fog Slay-2 SInv Stlth+}
rCorr    .         Rampage  .   o - +2 pair of gloves
MR       ++++.                  T - +2 pair of boots
Stlth    ++++......             R - amulet of magic regeneration
HPRegen  0.00/turn              U - +6 ring of intelligence
MPRegen  0.45/turn              S - ring of the Mage {Wiz MR++ Int+3}

@: non-regenerating
A: damage resistance, heal wounds, negative energy resistance 1, sense
surroundings 2, no regeneration
a: Heal Wounds, Minor Destruction, Lesser Servant of Makhleb, Major Destruction,
Greater Servant of Makhleb, Renounce Religion


You were in an ice cave.
You worshipped Makhleb.
Makhleb was exalted by your worship.
You visited 6 branches of the dungeon, and saw 23 of its levels.
You visited the Abyss 1 time.
You also visited: Sewer, Gauntlet and Ice Cave.

You collected 2521 gold pieces.
You spent 2120 gold pieces at shops.

Inventory:

Hand Weapons
 w - a +3 dagger of protection (weapon)
   (You took it off an orc wizard on level 4 of the Dungeon)
Missiles
 y - 103 stones (quivered)
Armour
 b - the +8 scale mail "Juuc" (worn) {Int+4}
   (You found it on level 2 of the Abyss)

   It affects your intelligence (+4).
 i - the +2 cloak of the Thief (worn) {*Fog Slay-2 SInv Stlth+}
   (You bought it in a shop on level 2 of the Orcish Mines)

   It affects your accuracy and damage with ranged weapons and melee attacks
   (-2).
   It lets you see invisible.
   It makes you more stealthy.
 n - a +1 kite shield of fire resistance (worn)
   (You took it off a minotaur in a Gauntlet)
 o - a +2 pair of gloves (worn)
   (You found it on level 2 of the Dungeon)
 T - a +2 pair of boots (worn)
   (You found it on level 5 of the Lair of Beasts)
 V - a +2 hat of intelligence (worn)
   (You found it in a Gauntlet)
Magical Staves
 x - an uncursed staff of earth
   (You found it on level 2 of the Lair of Beasts)
Jewellery
 j - an uncursed ring of resist corrosion
   (You found it on level 1 of the Dungeon)
 l - the ring of the Traitor {rPois rN+}
   (You bought it in a shop on level 2 of the Orcish Mines)

   [ring of positive energy]

   It protects you from poison.
   It protects you from negative energy.
 p - an uncursed ring of positive energy {rN+}
   (You found it on level 2 of the Dungeon)
 H - an uncursed ring of teleportation {+/*tele, !d}
   (You found it on level 7 of the Dungeon)
 O - a +4 ring of evasion
   (You found it on level 11 of the Dungeon)
 R - an amulet of magic regeneration (around neck)
   (You found it in a Gauntlet)
 S - the ring of the Mage (right hand) {Wiz MR++ Int+3}
   (You found it in a Gauntlet)

   [ring of wizardry]

   It improves your spell success rate.
   It affects your intelligence (+3).
   It affects your resistance to hostile enchantments.
 U - a +6 ring of intelligence (left hand)
   (You found it in a Gauntlet)
 Y - an uncursed ring of protection from fire {rF+, !d}
   (You found it on level 1 of the Lair of Beasts)
Wands
 m - a wand of acid (7)
   (You found it on level 12 of the Dungeon)
 q - a wand of flame (53)
   (You found it on level 3 of the Dungeon)
 u - a wand of polymorph (8)
   (You found it on level 1 of the Elven Halls)
 P - a wand of enslavement (14)
   (You found it on level 11 of the Dungeon)
Scrolls
 a - 4 scrolls of amnesia
 d - 4 scrolls of enchant weapon
 f - 2 scrolls of fog
 g - 4 scrolls of fear
 k - 6 scrolls of identify
 A - 12 scrolls of remove curse
 E - 3 scrolls of enchant armour
 I - 3 scrolls of vulnerability {!r!r}
 J - 2 scrolls of blinking {!r}
 M - 7 scrolls of immolation {!r}
 N - a scroll of summoning
 Z - a scroll of magic mapping {!r}
Potions
 e - a potion of flight
 h - 2 potions of resistance
 r - 2 potions of magic
 s - 6 potions of haste
 t - 3 potions of cancellation
 v - 3 potions of mutation {!q}
 z - 10 potions of curing
 B - 3 potions of brilliance
 C - 4 potions of stabbing
 D - 2 potions of invisibility
 F - a potion of ambrosia
 K - a potion of lignification {!q}
Miscellaneous
 G - a box of beasts (2/3)
   (You found it on level 10 of the Dungeon)
 L - a tin of tremorstones (3/3)
   (You found it on level 9 of the Dungeon)
 W - a phantom mirror (inert)
   (You found it in a Gauntlet)
 X - a phantom mirror (inert)
   (You found it in a Gauntlet)


   Skills:
 - Level 3.2 Fighting
 - Level 5.2 Short Blades
 + Level 11.7 Armour
 - Level 8.1 Dodging
 - Level 10.2 Stealth
 + Level 11.8 Shields
 - Level 10.4 Spellcasting
 - Level 2.1 Conjurations
 - Level 4.0 Translocations
 - Level 6.0 Transmutations
 - Level 16.2 Earth Magic
 - Level 6.0 Evocations


You had 10 spell levels left.
You knew the following spells:

 Your Spells              Type           Power        Failure   Level
a - Sandblast             Erth           ######       0%          1
b - Blink                 Tloc           N/A          1%          2
c - Petrify               Tmut/Erth      #######.     1%          4
d - Statue Form           Tmut/Erth      #######..    7%          6
g - Apportation           Tloc           ######       1%          1
w - Passwall              Tmut/Erth      #######.     1%          2
x - Stone Arrow           Conj/Erth      ######       1%          3
z - Lee's Rapid Deconstr  Erth           #######...   1%          5

Your spell library contained the following spells:

 Spells                   Type           Power        Failure   Level
 Magic Dart               Conj           ####         1%          1
 Leda's Liquefaction      Hex/Erth       ######....   1%          4
 Gell's Gravitas          Tloc           ######....   2%          3
 Lesser Beckoning         Tloc           ######....   2%          3
 Teleport Other           Tloc           ######..     2%          3
 Animate Skeleton         Necr           ###...       4%          1
 Corona                   Hex            ###....      4%          1
 Summon Small Mammal      Summ           ###.         4%          1
 Call Imp                 Summ           ###.....     6%          2
 Ensorcelled Hibernation  Hex/Ice        ###...       6%          2
 Slow                     Hex            ###.....     6%          2
 Ignite Poison            Fire/Tmut/Pois ####....     6%          3
 Conjure Flame            Conj/Fire      ####....     9%          3
 Dazzling Flash           Conj/Hex       ####..       9%          3
 Passage of Golubria      Tloc           N/A          9%          4
 Mephitic Cloud           Conj/Pois/Air  ####....     10%         3
 Bolt of Magma            Conj/Fire/Erth ######....   10%         5
 Confusing Touch          Hex            ###.....     12%         3
 Tukima's Dance           Hex            ###.....     12%         3
 Iron Shot                Conj/Erth      ######....   16%         6
 Yara's Violent Unravell  Hex/Tmut       #####.....   32%         5
 Fireball                 Conj/Fire      ####......   56%         5
 Metabolic Englaciation   Hex/Ice        ###.......   71%         5
 Starburst                Conj/Fire      ####......   98%         6
 Shadow Creatures         Summ           N/A          99%         6
 Shatter                  Erth           #######...   99%         9
 Spellforged Servitor     Conj/Summ      ####......   100%        7
 Ignition                 Fire           ###.......   100%        8


Dungeon Overview and Level Annotations

Branches:
Dungeon (12/15)            Temple (1/1) D:6            Lair (6/6) D:8
 Shoals (0/4) Lair:3        Snake (1/4) Lair:3        Slime (0/5) Lair:6
    Orc (2/2) D:10            Elf (1/3) Orc:2         Sewer (visited)
  IceCv (1/1)             Gauntlet (visited)

Altars:
Cheibriados
Dithmenos
Fedhas
Gozag
Hepliaklqana
Makhleb
Nemelex Xobeh
Okawaru
Qazlal
Ru
Sif Muna
Trog
Uskayaw
Vehumet
Xom
Yredelemnul
The Shining One
Beogh
Jiyva

Shops:
D:5 *   D:6 *   D:10 :   D:11 [   Orc:2 ==[(

Portals:
Hell: Lair:6

Annotations:
D:6 Grinder
D:8 3 runed translucent doors, ViolentViolet's ghost, novice FoHu
Lair:5 3 runed translucent doors, Woek Giwo's ghost, journeyman MiHu


Innate Abilities, Weirdness & Mutations

You are resistant to damage.
You can heal yourself by infusing magical energy.
You resist negative energy. (rN+)
You passively map the area around you.
You do not regenerate.


Message History

The anaconda simulacrum vapourises!
Makhleb accepts your kill.
You open the door.
An anaconda simulacrum comes into view.
There is an open door here.
The helpless anaconda simulacrum fails to defend itself.
You perforate the anaconda simulacrum like a sieve!!!
The anaconda simulacrum vapourises!
Makhleb accepts your kill.
There is an open door here.
An ice statue comes into view.
Fragment what (e.g. wall or brittle monster)?: an ice statue (unaware, hasn't noticed you)
The ice statue shatters!!
The ice statue gestures at you. The bolt of cold hits you!!
With a swish of your cloak, you release a cloud of fog.
You take 25 damage, and have 92/117 hp.
MASSIVE DAMAGE!!
You now have 21/26 mp.
Fragment what (e.g. wall or brittle monster)?: an ice statue (blue smoke, moderately damaged)
The ice statue shatters!!!
You blow up the ice statue!
Makhleb accepts your kill.
You feel better.
You regained 12 hp, and now have 104/117 hp.
You now have 16/26 mp.
An Ice Fiend opens the door.
The Ice Fiend calls on the powers of darkness!
Your body is wracked with pain!
You take 40 damage, and have 64/117 hp.
MASSIVE DAMAGE!!
You feel much better.
You regained 23 hp, and now have 87/117 hp.
You open the lid... ...and a larval shockweird beast leaps out!
The Ice Fiend calls on the powers of darkness!
Your larval shockweird beast convulses!
Your body is wracked with pain!
You take 34 damage, and have 53/117 hp.
MASSIVE DAMAGE!!
You can't see any susceptible monsters within range! (Use Z to cast anyway.)
Aim: an Ice Fiend (blue smoke)
The blast of sand hits the Ice Fiend but does no damage.
y - 103 stones The Ice Fiend gestures at you.
The bolt of cold hits you!!
* * * LOW HITPOINT WARNING * * *
Your larval shockweird beast hits the Ice Fiend but does no damage.
You take 29 damage, and have 24/117 hp.
MASSIVE DAMAGE!!
You feel much better.
Your larval shockweird beast barely misses the Ice Fiend.
You regained 20 hp, and now have 44/117 hp.
Aim: an Ice Fiend (blue smoke)
You reflect the Ice Fiend with the mirror!
The mirror clouds!
Your Ice Fiend claws the Ice Fiend but does no damage. x2
The Ice Fiend calls on the powers of darkness!
Your larval shockweird beast convulses!
Your body is wracked with pain!
* * * LOW HITPOINT WARNING * * *
Your larval shockweird beast barely misses the Ice Fiend.
You take 13 damage, and have 31/117 hp.
The Ice Fiend gestures at you. The bolt of cold misses you.
Okay, then.
You are confused.
You feel invigorated.
You regained 3 hp, and now have 34/117 hp.
You regained 3 mp, and now have 23/26 mp.
The Ice Fiend gestures at you. The bolt of cold misses you.
You regained 5 hp, and now have 39/117 hp.
MP restored: 26 The Ice Fiend gestures at you.
The bolt of cold hits you but does no damage.
You regained 4 hp, and now have 43/117 hp.
You're too confused to move!
You regained 4 hp, and now have 47/117 hp.
You bump into the granite statue.
You regained 5 hp, and now have 52/117 hp.
The Ice Fiend gestures at you. The bolt of cold misses you.
Your larval shockweird beast hits the Ice Fiend but does no damage.
You regained 4 hp, and now have 56/117 hp.
Your Ice Fiend shimmers and vanishes!
The Ice Fiend calls on the powers of darkness!
Your larval shockweird beast convulses!
Your body is wracked with pain!
Your larval shockweird beast closely misses the Ice Fiend.
You take 17 damage, and have 39/117 hp.
You bump into the stone wall.
The Ice Fiend gestures at you. The bolt of cold hits you!!
* * * LOW HITPOINT WARNING * * *
Your larval shockweird beast barely misses the Ice Fiend.
You take 28 damage, and have 11/117 hp.
MASSIVE DAMAGE!!
You regained 4 hp, and now have 15/117 hp.
You bump into the stone wall.
You feel less invigorated.
You feel less confused.
You regained 5 hp, and now have 20/117 hp.
You feel much better. The Ice Fiend barely misses you. The Ice Fiend claws you!
* * * LOW HITPOINT WARNING * * *
The Ice Fiend freezes you!!!
You die...

#.'.......'.# *
###.8...8.###,
#.'.......'.#
###.8...8.###
#.'.......'.# * *
###.8...8.###,
,#.'.......'.#
#+######'######
#.....1@........*
####8H#####.8###
##.#,?)# ## #H#
⌠!# #§# !1#
#§##'##.#
#§1§§§..#
####§#### ##


You could see an Ice Fiend and a friendly larval shockweird beast (summoned).

Vanquished Creatures
  Saint Roka (Orc:2)
  A green draconian (Abyss:2)
  A deep elf demonologist (Elf:1)
  Nessos (Orc:2)
  Azrael (Snake:1)
  A dire elephant (Lair:6)
  A minotaur (Gauntlet)
  A death ooze (Gauntlet)
  Harold (D:7)
  4 hydras
  Erica (D:8)
  Urug (Lair:6)
  A dancing weapon (Elf:1)
  4 naga sharpshooters (Snake:1)
  Sonja (Lair:5)
  2 sun demons
  A sixfirhy (Abyss:2)
  A sea snake (Snake:1)
  A wizard (Lair:6)
  2 unseen horrors
  Pikel (D:8)
  6 orc knights
  A phantasmal warrior (D:12)
  An ugly thing (D:11)
  5 orc sorcerers (Orc:2)
  2 cyclopes (D:12)
  A salamander (Snake:1)
  6 black mambas
  5 deep elf magi (Elf:1)
  4 oklob plants (Lair:5)
  6 elephants (Lair:2)
  2 guardian serpents (D:10)
  3 ice statues (IceCv)
  A torpor snail (Lair:6)
  An orange demon (Abyss:2)
  Psyche (D:8)
  A gargoyle (D:10)
  10 cane toads
  2 naga magi (Snake:1)
  2 smoke demons
  2 komodo dragons
  3 rime drakes
  10 ice devils
  A red devil (Lair:6)
  4 anaconda simulacra (IceCv)
  2 trolls
  4 merfolk (Lair:3)
  An ancient zyme (Abyss:2)
  3 polar bears (Lair:5)
  2 hornets
  Prince Ribbit (D:8)
  2 slime creatures
  A raiju (Gauntlet)
  8 blink frogs
  17 dream sheep
  2 flying skulls (Abyss:2)
  12 hippogriffs
  Sigmund (D:3)
  2 dire elephant simulacra (IceCv)
  An air elemental (Abyss:2)
  A black mamba skeleton (Abyss:2)
  A wraith (Abyss:2)
  36 yaks
  5 wyverns
  4 fire elementals (Snake:1)
  A chaos spawn (Abyss:2)
  A steam dragon (Gauntlet)
  A basilisk (Lair:3)
  Edmund (D:6)
  An iron troll simulacrum (IceCv)
  A warg (Orc:2)
  3 swamp worms (Gauntlet)
  A harpy simulacrum (IceCv)
  9 nagas
  7 hell hounds
  2 hydra simulacra (IceCv)
  Duvessa (D:6)
  15 water moccasins
  7 porcupines
  2 black bears
  3 ice beasts
  3 sky beasts
  38 orc warriors
  5 phantoms
  An ettin simulacrum (Abyss:2)
  8 ogres
  8 wolves
  4 centaurs
  16 crocodiles
  9 big kobolds
  17 bullfrogs
  A wyvern zombie (D:9)
  4 gnoll sergeants
  Dowan (D:6)
  2 small abominations (Abyss:2)
  A water moccasin zombie (D:8)
  A wyvern skeleton (D:8)
  6 scorpions
  10 killer bees
  9 electric eels
  A howler monkey (D:11)
  A quasit (D:6)
  A bullfrog zombie (D:5)
  4 hounds
  27 orc priests
  6 jellies
  A bullfrog skeleton (D:7)
  32 orc wizards
  3 iguanas
  9 worker ants
  Terence (D:2)
  A hound skeleton (D:4)
  11 adders
  9 gnolls
  7 river rats (Sewer)
  A shadow imp (D:10)
  2 ufetubi
  An ooze (D:1)
  An adder zombie (D:9)
  4 worms
  4 dart slugs
  8 leopard geckos
  111 orcs
  7 ball pythons
  4 bats
  9 giant cockroaches
  6 goblins
  7 hobgoblins (D:1)
  2 jackals (D:1)
  30 kobolds
  2 quokkas
  8 frilled lizards
  A jackal skeleton (D:3)
  A leopard gecko skeleton (D:5)
  A quokka skeleton (D:5)
  25 rats
764 creatures vanquished.

Vanquished Creatures (collateral kills)
  A dream sheep (Lair:6)
  A large abomination (Abyss:2)
  A yak (Lair:6)
  An orc warrior (Orc:2)
  A crocodile (Lair:6)
  2 jellies (D:12)
  2 orc priests (Orc:1)
  3 orcs
12 creatures vanquished.

Vanquished Creatures (others)
  A hippogriff (Lair:6)
  A hell hound (Lair:6)
  An orc warrior (Orc:1)
  An orc (D:12)
  A bush (Lair:6)
  30 fungi
  35 plants
70 creatures vanquished.

Grand Total: 846 creatures vanquished

Notes
Turn   | Place    | Note
-------+----------+-------------------------------------------
     0 | D:1      | Irenicus the Deep Dwarf Earth Elementalist began the quest
                  | for the Orb.
     0 | D:1      | Reached XP level 1. HP: 15/15 MP: 3/3
   112 | D:1      | Reached XP level 2. HP: 22/22 MP: 4/4
   125 | D:1      | Reached skill level 2 in Spellcasting
   215 | D:1      | Reached skill level 3 in Stealth
   255 | D:1      | Learned a level 2 spell: Passwall
   319 | D:1      | Reached XP level 3. HP: 28/28 MP: 6/6
   387 | D:1      | Irenicus: ?? scarf of shadow
   387 | D:1      | beem: I don't have a page labeled scarf_of_shadow in my
                  | learndb.
   387 | D:1      | Irenicus: ?? scarf
   387 | D:1      | beem: scarf[1/1]: An always +0 cloak slot armour with 0
                  | base AC and an ego of {guardian spirit}, {repulsion},
                  | resistance (rF+ rC+) or {cloud immunity}.
   481 | D:2      | Reached skill level 5 in Earth Magic
   514 | D:2      | HP: 2/28 [orc priest/divine providence (10)]
   517 | D:2      | Reached skill level 6 in Earth Magic
   517 | D:2      | Reached XP level 4. HP: 33/36 MP: 0/6
   596 | D:2      | Reached XP level 5. HP: 38/42 MP: 4/7
   668 | D:2      | Reached skill level 7 in Earth Magic
   677 | D:2      | Noticed Terence
   707 | D:2      | Killed Terence
  1042 | D:3      | Reached skill level 8 in Earth Magic
  1042 | D:3      | Reached XP level 6. HP: 22/49 MP: 0/8
  1224 | D:3      | Noticed Sigmund
  1228 | D:3      | Killed Sigmund
  1228 | D:3      | Reached skill level 9 in Earth Magic
  1635 | D:4      | Reached skill level 10 in Earth Magic
  1635 | D:4      | Reached XP level 7. HP: 24/55 MP: 5/9
  1662 | D:4      | HP: 11/55 [orc wizard/magic dart (9)]
  1684 | D:4      | HP: 13/55 [orc (3)]
  1862 | D:4      | HP: 6/55 [orc priest/divine providence (7)]
  1892 | D:4      | Learned a level 4 spell: Petrify
  1926 | D:4      | Reached skill level 2 in Transmutations
  1954 | D:4      | Learned a level 3 spell: Stone Arrow
  1959 | D:4      | Got a fine leather armour
  1970 | D:4      | Identified the +5 leather armour of the Earth {MR+ Int+4
                  | Slay+3} (You found it on level 4 of the Dungeon)
  2088 | D:4      | Reached skill level 1 in Conjurations
  2176 | D:4      | Reached skill level 3 in Transmutations
  2319 | D:5      | Entered Level 5 of the Dungeon
  2368 | D:5      | Found a bloodstained altar of Trog.
  2530 | D:5      | Reached skill level 2 in Conjurations
  2530 | D:5      | Reached XP level 8. HP: 19/62 MP: 0/10
  2554 | D:5      | Found Paopseyc's Assorted Antiques.
  2686 | D:5      | Reached skill level 4 in Transmutations
  2692 | D:5      | Reached skill level 3 in Spellcasting
  2736 | D:5      | Found a hazy altar of Hepliaklqana.
  2994 | D:6      | Reached skill level 5 in Transmutations
  3011 | D:6      | Reached skill level 4 in Spellcasting
  3027 | D:6      | Found a bloodstained altar of Trog.
  3037 | D:6      | Found Cioras's Assorted Antiques.
  3077 | D:6      | Noticed Duvessa
  3098 | D:6      | HP: 15/62 [Duvessa/+0 rapier (2)]
  3100 | D:6      | Killed Duvessa
  3101 | D:6      | Noticed Dowan
  3105 | D:6      | HP: 10/62 [Dowan/stone arrow (3)]
  3109 | D:6      | Killed Dowan
  3162 | D:6      | Found a glowing drain.
  3170 | Sewer    | Entered a sewer
  3287 | Sewer    | Gained mutation: You passively map the area around you.
                  | [Deep Dwarf growth]
  3287 | Sewer    | Reached XP level 9. HP: 43/68 MP: 8/15
  3419 | Sewer    | Learned a level 5 spell: Lee's Rapid Deconstruction
  3482 | Sewer    | Reached skill level 6 in Transmutations
  3506 | Sewer    | Reached skill level 5 in Spellcasting
  3603 | D:6      | Noticed Grinder
  3644 | D:6      | Reached skill level 11 in Earth Magic
  3723 | D:6      | Found a staircase to the Ecumenical Temple.
  3735 | Temple   | Entered the Ecumenical Temple
  3756 | Temple   | Became a worshipper of Makhleb the Destroyer
  3831 | D:6      | Bought a scroll labeled DACZAE CAODI for 26 gold pieces
  3844 | D:6      | Noticed Edmund
  3870 | D:6      | Killed Edmund
  3945 | D:7      | Noticed Harold
  3970 | D:7      | Killed Harold
  3970 | D:7      | Reached skill level 5 in Stealth
  3970 | D:7      | Reached skill level 6 in Spellcasting
  4065 | D:7      | Reached skill level 12 in Earth Magic
  4224 | D:7      | Found a stormy altar of Qazlal.
  4280 | D:7      | Found an opulent altar of Gozag.
  4281 | D:7      | Found a hide-covered altar of Uskayaw.
  4281 | D:7      | Found a snail-covered altar of Cheibriados.
  4371 | D:7      | Reached XP level 10. HP: 29/75 MP: 11/18
  4383 | D:7      | Reached skill level 1 in Short Blades
  4444 | D:8      | Reached skill level 6 in Stealth
  4457 | D:8      | HP: 19/76 [hornet (1)]
  4466 | D:8      | Reached skill level 1 in Fighting
  4490 | D:8      | Reached skill level 3 in Dodging
  4518 | D:8      | Noticed Pikel
  4557 | D:8      | Killed Pikel
  4557 | D:8      | Reached * piety under Makhleb
  4557 | D:8      | Reached skill level 2 in Fighting
  4557 | D:8      | Reached skill level 2 in Short Blades
  4599 | D:8      | Found a runed translucent gate.
  4599 | D:8      | Found a runed translucent gate.
  4599 | D:8      | Found a runed translucent gate.
  4599 | D:8      | Noticed ViolentViolet's ghost (novice FoHu)
  4604 | D:8      | Noticed Erica
  4605 | D:8      | Noticed Prince Ribbit
  4723 | D:8      | Killed Erica
  4723 | D:8      | Reached skill level 3 in Short Blades
  4723 | D:8      | Reached skill level 7 in Stealth
  4739 | D:8      | Found a staircase to the Lair.
  4780 | D:8      | Reached skill level 3 in Fighting
  4890 | D:8      | Killed Prince Ribbit
  4928 | D:8      | Reached skill level 8 in Stealth
  5018 | D:9      | Reached skill level 4 in Short Blades
  5052 | D:9      | HP: 21/84 [something/puff of frost (4)]
  5065 | D:9      | HP: 18/84 [black bear (2)]
  5076 | D:9      | Reached ** piety under Makhleb
  5170 | D:9      | Reached skill level 9 in Stealth
  5243 | D:9      | Reached skill level 5 in Short Blades
  5248 | D:9      | HP: 21/84 [kobold/+0 short sword (4)]
  5360 | D:9      | Reached XP level 11. HP: 31/90 MP: 10/19
  5460 | D:10     | Entered Level 10 of the Dungeon
  5460 | D:10     | Found Jebb's Book Boutique.
  5500 | D:10     | Learned a level 1 spell: Apportation
  5560 | D:10     | HP: 18/90 [orc warrior/+0 trident (13)]
  5561 | D:10     | HP: 6/90 [orc warrior/+0 trident (12)]
  5564 | D:10     | Reached *** piety under Makhleb
  5564 | D:10     | Reached skill level 10 in Stealth
  5585 | D:10     | Found a staircase to the Orcish Mines.
  5591 | D:10     | Reached skill level 1 in Evocations
  5593 | D:10     | HP: 19/90 [orc warrior/+0 hand axe (4)]
  5623 | D:10     | Reached skill level 4 in Dodging
  5667 | D:10     | Reached skill level 2 in Evocations
  5799 | D:10     | Reached skill level 3 in Evocations
  5990 | D:10     | Reached skill level 5 in Dodging
  5990 | D:10     | Reached skill level 4 in Evocations
  6062 | D:10     | Killed an unseen horror
  6062 | D:10     | Reached skill level 1 in Translocations
  6113 | D:10     | Irenicus: ?? eat
  6113 | D:10     | beem: I don't have a page labeled eat in my learndb. Did
                  | you mean: bat, cat, ea, et, hat, kat, meat, rat, eating,
                  | kats, +rats.
  6186 | D:10     | Reached skill level 2 in Translocations
  6274 | D:11     | Noticed a brown ugly thing
  6353 | D:11     | Noticed a five-headed hydra
  6354 | D:11     | Reached skill level 5 in Evocations
  6366 | D:11     | Killed a five-headed hydra
  6366 | D:11     | Reached skill level 6 in Dodging
  6420 | D:11     | Reached skill level 13 in Earth Magic
  6422 | D:11     | Reached **** piety under Makhleb
  6439 | D:11     | Reached skill level 6 in Evocations
  6548 | D:11     | Killed a brown ugly thing
  6579 | D:11     | Noticed a four-headed hydra
  6604 | D:11     | Found Naczes's Antique Armour Emporium.
  6785 | D:11     | Killed an unseen horror
  6834 | D:12     | Found a shimmering altar of Xom.
  6860 | D:12     | Noticed a four-headed hydra
  6873 | D:12     | Killed a four-headed hydra
  6873 | D:12     | Reached skill level 7 in Spellcasting
  6873 | D:12     | Reached XP level 12. HP: 79/97 MP: 16/21
  6922 | D:12     | Found a viscous altar of Jiyva.
  6976 | D:12     | Reached skill level 14 in Earth Magic
  7152 | D:12     | Reached ***** piety under Makhleb
  7173 | D:12     | Noticed a death knight
  7262 | D:8      | Noticed Psyche
  7270 | D:8      | Killed Psyche
  7278 | Lair:1   | Entered Level 1 of the Lair of Beasts
  7336 | Lair:1   | Found a gate leading to a gauntlet.
  7339 | Gauntlet | Entered a Gauntlet
  7339 | Gauntlet | Found a transporter.
  7339 | Gauntlet | Found a transporter.
  7352 | Gauntlet | Found a transporter.
  7352 | Gauntlet | Found a transporter.
  7352 | Gauntlet | Found a transporter.
  7373 | Gauntlet | Found a transporter.
  7450 | Gauntlet | Found a transporter.
  7453 | Gauntlet | Found a transporter.
  7454 | Gauntlet | Found a transporter.
  7455 | Gauntlet | Found a transporter.
  7456 | Gauntlet | Found the ring of the Mage {Wiz MR++ Int+3}
  7456 | Gauntlet | Noticed a death ooze
  7457 | Gauntlet | Noticed a dire elephant
  7465 | Gauntlet | Found a runed translucent door.
  7510 | Gauntlet | Found a transporter.
  7510 | Gauntlet | Found a transporter.
  7525 | Gauntlet | Reached skill level 8 in Spellcasting
  7529 | Gauntlet | Killed a death ooze
  7624 | Gauntlet | Noticed a minotaur
  7627 | Gauntlet | HP: 23/97 [minotaur/javelin (26)]
  7642 | Gauntlet | Killed a minotaur
  7690 | Lair:1   | Reached skill level 15 in Earth Magic
  8029 | Lair:1   | You fall into a shaft and drop 1 floor!
  8137 | Lair:1   | Reached skill level 9 in Spellcasting
  8652 | Lair:2   | Reached skill level 16 in Earth Magic
  8677 | Lair:2   | Reached XP level 13. HP: 103/103 MP: 5/25
  8796 | Lair:3   | Found a staircase to the Snake Pit.
  8972 | Lair:3   | Reached skill level 1 in Armour
  9047 | Lair:3   | Found a staircase to the Shoals.
  9124 | Lair:3   | Reached skill level 2 in Armour
  9350 | Lair:4   | Found a blossoming altar of Fedhas.
  9415 | Lair:4   | Reached skill level 7 in Dodging
  9415 | Lair:4   | Reached skill level 10 in Spellcasting
  9453 | Lair:4   | Learned a level 2 spell: Blink
  9864 | Lair:5   | Reached skill level 1 in Shields
  9868 | Lair:5   | Noticed Sonja
  9878 | Lair:5   | Cast into level 2 of the Abyss (Sonja)
  9978 | Abyss:2  | Reached skill level 2 in Shields
  9994 | Abyss:2  | Reached skill level 8 in Dodging
 10195 | Abyss:2  | Got a glimmering scale mail
 10198 | Abyss:2  | Identified the +8 scale mail "Juuc" {Int+4} (You found it
                  | on level 2 of the Abyss)
 10277 | Abyss:2  | Noticed a bone dragon
 10298 | Abyss:2  | Noticed a green draconian
 10307 | Abyss:2  | Reached skill level 3 in Shields
 10308 | Abyss:2  | Reached ****** piety under Makhleb
 10328 | Abyss:2  | Killed a green draconian
 10328 | Abyss:2  | Reached skill level 3 in Armour
 10338 | Abyss:2  | Noticed a Hell Sentinel
 10352 | Abyss:2  | HP: 22/103 [Hell Sentinel (11)]
 10353 | Abyss:2  | HP: 5/103 [Hell Sentinel/damnation (37)]
 10356 | Abyss:2  | Found a corrupted altar of Lugonu.
 10370 | Lair:5   | Escaped the Abyss
 10372 | Lair:5   | Killed Sonja
 10372 | Lair:5   | Reached skill level 4 in Shields
 10375 | Lair:5   | Reached skill level 4 in Armour
 10388 | Lair:5   | Found a runed translucent gate.
 10388 | Lair:5   | Found a runed translucent gate.
 10390 | Lair:5   | Found a runed translucent gate.
 10391 | Lair:5   | You fall into a shaft and drop 1 floor!
 10391 | Lair:6   | Entered Level 6 of the Lair of Beasts
 10411 | Lair:6   | Reached skill level 5 in Shields
 10414 | Lair:6   | Reached skill level 5 in Armour
 10415 | Lair:6   | Noticed Urug
 10438 | Lair:6   | Killed Urug
 10440 | Lair:6   | Reached skill level 6 in Shields
 10485 | Lair:6   | Reached skill level 6 in Armour
 10485 | Lair:6   | Gained mutation: You resist negative energy. (rN+) [Deep
                  | Dwarf growth]
 10485 | Lair:6   | Reached XP level 14. HP: 111/111 MP: 0/25
 10523 | Lair:6   | Found a viscous altar of Jiyva.
 10523 | Lair:6   | Found a staircase to the Slime Pits.
 10699 | Lair:5   | Reached skill level 7 in Shields
 10732 | Lair:5   | Got an encrusted quarterstaff
 10821 | Lair:5   | Noticed Woek Giwo's ghost (journeyman MiHu)
 11054 | Lair:6   | Reached skill level 7 in Armour
 11235 | Lair:6   | Found a burning altar of Makhleb.
 11244 | Lair:6   | Reached skill level 3 in Translocations
 11314 | Lair:6   | Reached skill level 8 in Shields
 11337 | Lair:6   | Found a gateway to Hell.
 11394 | Lair:6   | Reached skill level 4 in Translocations
 11464 | Lair:6   | Reached skill level 8 in Armour
 11914 | D:10     | Bought a book of the Earth for 975 gold pieces
 11921 | D:10     | Learned a level 6 spell: Statue Form
 11956 | Orc:1    | Entered Level 1 of the Orcish Mines
 11985 | Orc:2    | Entered Level 2 of the Orcish Mines
 12267 | Orc:1    | Found a roughly hewn altar of Beogh.
 12275 | Orc:1    | Reached skill level 9 in Shields
 12391 | Orc:2    | Found a roughly hewn altar of Beogh.
 12464 | Orc:2    | Found a roughly hewn altar of Beogh.
 12542 | Orc:2    | Reached skill level 9 in Armour
 12601 | Orc:2    | Found a roughly hewn altar of Beogh.
 12633 | Orc:2    | Found a staircase to the Elven Halls.
 12640 | Orc:2    | Found a roughly hewn altar of Beogh.
 12673 | Orc:2    | Noticed Nessos
 12689 | Orc:2    | Killed Nessos
 12710 | Orc:2    | Found a roughly hewn altar of Beogh.
 12710 | Orc:2    | Found Qounuota's Jewellery Shop.
 12758 | Orc:2    | Found a roughly hewn altar of Beogh.
 12845 | Orc:2    | Noticed Saint Roka
 12877 | Orc:2    | Killed Saint Roka
 12877 | Orc:2    | Reached skill level 10 in Armour
 12877 | Orc:2    | Reached skill level 10 in Shields
 12925 | Orc:2    | Found Huirihag's Antique Weapon Boutique.
 12926 | Orc:2    | Found a roughly hewn altar of Beogh.
 12928 | Orc:2    | Found Gyumm's Antique Armour Shop.
 12946 | Orc:2    | Bought the +2 cloak of the Thief {*Fog Slay-2 SInv Stlth+}
                  | for 683 gold pieces
 12946 | Orc:2    | Found the +2 cloak of the Thief {*Fog Slay-2 SInv Stlth+}
 12958 | Orc:2    | Identified a scroll of acquirement
 12958 | Orc:2    | Acquired 680 gold pieces
 13115 | Orc:2    | Found a roughly hewn altar of Beogh.
 13170 | Orc:2    | Found Eloipiur's Jewellery Shop.
 13289 | Elf:1    | Entered Level 1 of the Elven Halls
 13372 | Elf:1    | Identified the Tome of the Entourage
 13471 | Elf:1    | Reached XP level 15. HP: 112/117 MP: 12/26
 13620 | Orc:2    | Bought the ring of the Traitor {rPois rN+} for 436 gold
                  | pieces
 13790 | Snake:1  | Entered Level 1 of the Snake Pit
 13889 | Snake:1  | Noticed Azrael
 13911 | Snake:1  | Killed Azrael
 13911 | Snake:1  | Reached skill level 11 in Shields
 14061 | Snake:1  | Reached skill level 11 in Armour
 14168 | Snake:1  | Found a frozen archway.
 14221 | IceCv    | Entered an ice cave
 14586 | IceCv    | Noticed an Ice Fiend
 14591 | IceCv    | HP: 24/117 [Ice Fiend/bolt of cold (29)]
 14602 | IceCv    | HP: 11/117 [Ice Fiend/bolt of cold (33)]
 14605 | IceCv    | Slain by an Ice Fiend

Illustrated notes

Levels and vault maps discovered:
D:1:      scummos_arrival_hexagon, layout_rooms
D:2:      layout_loops_ring, uniq_terence
D:3:      layout_basic, saegor_snake_ambush, uniq_sigmund
D:4:      layout_loops_ring
D:5:      layout_gridville, kennysheep_mini, serial_shops,
          nicolae_shop_statue_plus, basic_altar, kennysheep_generic_room_2
D:6:      layout_basic, minmay_temple_entry_poolview, serial_shops,
          nicolae_shop_stone, gup_sewer_entry_bubbles, moated_statue, trog_book,
          uniq_edmund, uniq_grinder, uniq_duvessa
D:7:      layout_loops_ring, zin_statuary,
          chequers_temple_overflow_statue_of_worship,
          nicolae_qazlal_style_of_elements, kennysheep_generic_room_11,
          uniq_harold
D:8:      layout_rooms, dpeg_oklobed_lair, gammafunk_ghost_necromancy,
          kennysheep_boxes, uniq_prince_ribbit1, uniq_erica, uniq_pikel,
          uniq_psyche
D:9:      layout_rooms
D:10:     nrook_guardian_serpent_snake_passage, layout_loops_ring,
          kennysheep_orc_monster_closet_entryway, serial_shops,
          nicolae_shop_statue_plus
D:11:     layout_layer_cave, serial_shops, shop
D:12:     layout_cave_pods, basic_altar, jiyva_altar_1
Temple:   eino_temple_rhombus
Lair:1:   layout_cave_pods, gauntlet_entry_generic, st_stairs_10, minivault_25,
          grunt_megastairs_3, lemuel_fruit_tree
Lair:2:   layout_cave_pods, chequers_serial_rivers_micro_b
Lair:3:   layout_small_grid, elwin_shoals_entry_stream,
          guppyfry_snake_entry_island
Lair:4:   layout_loops_ring, basic_altar, serial_bayou_shore_b,
          infiniplex_staircase_pool_2
Lair:5:   layout_layer_cave, gammafunk_ghost_icy, beast_lair_carwin_4,
          minmay_lair_oklob_chamber, uniq_sonja
Lair:6:   evil_forest, layout_long_grid, dpeg_slime_entry_enclosed_altar,
          serial_bayou_shore_b, uniq_urug
Snake:1:  layout_chambers, portal_ice_cave_entry_pillars_four, st_stairs_7,
          serial_bayou_shore_a, grunt_megastairs_2, uniq_aizul, uniq_azrael
Orc:1:    layout_caves, basic_altar, sword_in_stone
Orc:2:    grunt_orc_community_town_hall, layout_caves,
          grunt_orc_community_big_house_1, grunt_orc_community_big_house_2,
          grunt_orc_community_house_3, grunt_orc_community_house_3,
          grunt_orc_community_house_3, grunt_orc_community_house_1, basic_altar,
          uniq_saint_roka, uniq_nessos
Elf:1:    layout_gridlike, minmay_elf_demonology, nicolae_twisting_strands,
          chequers_big_river, corner_web_ring
IceCv:    ice_cave_tombish

Skill      XL: |  1  2  3  4  5  6  7  8  9 10 11 12 13 14 15 |
---------------+----------------------------------------------+-----
Spellcasting   | 2 4 6 7 9 10 | 10.4
Stealth        | 3 5 9 10 | 10.2
Earth Magic    | 6 8 10 12 13 16 | 16.2
Transmutations | 3 5 6 |  6.0
Conjurations   | 2 |  2.1
Short Blades   | 5 |  5.2
Fighting       | 3 |  3.2
Dodging        | 3 6 8 |  8.1
Evocations     | 6 |  6.0
Translocations | 2 4 |  4.0
Armour         | 6 10 11 | 11.7
Shields        | 6 10 11 | 11.8

Action                   |  1- 3 |  4- 6 |  7- 9 | 10-12 | 13-15 || total
-------------------------+-------+-------+-------+-------+-------++-------
Melee: Unarmed           |     8 |       |       |       |       ||     8
       Dagger            |    30 |    48 |   219 |   274 |   361 ||   932
       Staff             |       |       |       |     1 |    41 ||    42
 Cast: Sandblast         |    33 |    45 |   119 |   148 |   229 ||   574
       Passwall          |     1 |    11 |    28 |    17 |    13 ||    70
       Stone Arrow       |       |       |    20 |    20 |    31 ||    71
       Lee's Rapid Decon |       |       |     7 |    35 |    66 ||   108
       Petrify           |       |       |     6 |    58 |   156 ||   220
       Apportation       |       |       |       |    11 |    32 ||    43
 Abil: Heal Wounds       |     1 |       |       |       |     9 ||    10
Evoke: Wand              |       |       |       |    37 |    35 ||    72
       Tin of tremorston |       |       |       |     3 |       ||     3
       Box of beasts     |       |       |       |     2 |     3 ||     5
       Phantom mirror    |       |       |       |       |     1 ||     1
  Use: Potion            |     2 |       |     4 |    10 |     8 ||    24
       Scroll            |     1 |     7 |     2 |    22 |     9 ||    41
 Stab: Sleeping          |     6 |     5 |    12 |    11 |    22 ||    56
       Petrified         |       |       |    31 |    53 |   174 ||   258
       Paralysed         |       |       |       |     2 |       ||     2
       Petrifying        |       |       |       |     4 |    28 ||    32
       Distracted        |       |       |       |       |     1 ||     1
Armor: Robe              |     4 |       |       |       |       ||     4
       Leather armour    |     5 |    28 |    99 |   149 |    74 ||   355
       Scale mail        |       |       |       |       |   118 ||   118
Dodge: Dodged            |    27 |    48 |   153 |   274 |   225 ||   727
Block: Kite shield       |       |       |       |       |   168 ||   168

Table legend: (Time is in decaauts)
 A = Elapsed time spent in this place.
 B = Non-inter-level travel time spent in this place.
 C = Inter-level travel time spent in this place.
 D = Time resting spent in this place.
 E = Time spent auto-exploring this place.
 F = Levels seen in this place.
 G = Mean time per level.
                   A        B        C        D        E       F      G
               +--------+--------+--------+--------+--------+-----+--------+
         Total |  14505 |  13867 |    638 |    126 |      0 |  27 |  537.2 |
       Dungeon |   7020 |   6860 |    160 |    100 |      0 |  12 |  585.0 |
        Temple |     37 |     37 |      0 |      0 |      0 |   1 |   37.0 |
          Lair |   3762 |   3486 |    276 |      0 |      0 |   6 |  627.0 |
     Snake Pit |    414 |    414 |      0 |      0 |      0 |   1 |  414.0 |
  Orcish Mines |   1441 |   1240 |    201 |      0 |      0 |   2 |  720.5 |
   Elven Halls |    199 |    199 |      0 |      0 |      0 |   1 |  199.0 |
         Abyss |    500 |    500 |      0 |      0 |      0 |   1 |  500.0 |
         Sewer |    406 |    406 |      0 |      0 |      0 |   1 |  406.0 |
      Ice Cave |    385 |    385 |      0 |      0 |      0 |   1 |  385.0 |
      Gauntlet |    337 |    337 |      0 |     26 |      0 |   1 |  337.0 |
               +--------+--------+--------+--------+--------+-----+--------+

Top non-repeatable levels by time:
   Orc:2: 1059 daAuts
    D:10: 956 daAuts
  Lair:6: 811 daAuts
     D:3: 804 daAuts
  Lair:1: 772 daAuts
  Lair:5: 658 daAuts
     D:8: 638 daAuts
     D:4: 623 daAuts
     D:5: 599 daAuts
     D:6: 593 daAuts
    D:11: 543 daAuts
  Lair:3: 520 daAuts
  Lair:2: 517 daAuts
 Abyss:2: 500 daAuts
     D:9: 498 daAuts

Table legend:
 A = Kills in this place as a percentage of kills in entire the game.
 B = Kills by you in this place as a percentage of kills by you in the entire game.
 C = Kills by friends in this place as a percentage of kills by friends in the entire game.
 D = Other kills in this place as a percentage of other kills in the entire game.
 E = Experience gained in this place as a percentage of experience gained in the entire game.
 F = Experience gained in this place divided by the number of levels of this place that you have seen.
                   A       B       C       D       E      F
               +-------+-------+-------+-------+-------+----------------------
         Total | 100.0 | 100.0 | 100.0 | 100.0 | 100.0 | 4461.7
       Dungeon |  43.5 |  43.8 |  25.0 |   0.0 |  20.8 | 2085.6
          Lair |  22.3 |  22.1 |  25.0 | 100.0 |  37.3 | 7488.8
     Snake Pit |   3.7 |   3.8 |   0.0 |   0.0 |   9.2 | 11040.0
  Orcish Mines |  17.2 |  16.9 |  41.7 |   0.0 |  15.9 | 9576.5
   Elven Halls |   1.2 |   1.2 |   0.0 |   0.0 |   4.2 | 5024.0
         Abyss |   2.2 |   2.1 |   8.3 |   0.0 |   4.6 | 5599.0
         Sewer |   6.2 |   6.3 |   0.0 |   0.0 |   0.4 | 523.0
      Ice Cave |   2.4 |   2.5 |   0.0 |   0.0 |   4.8 | 5827.0
      Gauntlet |   1.3 |   1.3 |   0.0 |   0.0 |   2.8 | 3340.0
               +-------+-------+-------+-------+-------+----------------------
